 Dungeon Crawl Stone Soup version 0.30.0-30-g96aa6591b8 (webtiles) character file.

Game seed: 4270183438244773543

29 Dordric the Slasher (level 3, -1/28 HPs)
             Began as a Djinni Warper on June 30, 2023.
             Slain by a gnoll
             ... wielding a +0 flail
              (3 damage)
             ... on level 1 of the Dungeon.
             The game lasted 00:01:38 (1220 turns).

Dordric the Slasher (Djinni Warper)                 Turns: 1220, Time: 00:01:38

Health: -1/28      AC:  3    Str: 10    XL:     3   Next: 32%
Gold:   43         EV: 12    Int: 14    God:
                   SH:  0    Dex: 14

rFire   + + .        a - +0 falchion
rCold   x . .        (no shield)
rNeg    . . .        b - +0 leather armour
rPois   ∞            (no helmet)
rElec   .            (no cloak)
rCorr   .            (no gloves)
SInv    .            (boots unavailable)
Will    .....        (no amulet)
Stlth   +            (no ring)
HPRegen 0.24/turn    (no ring)
MPRegen 0.00/turn

%: infuse magic (-2 HP)
@: flying
A: sickness immunity, fire resistance 2, cold vulnerability 1, float, innate
caster, HP casting, extra vitality 1
a: no special abilities


You were on level 1 of the Dungeon.
You visited 1 branch of the dungeon, and saw 2 of its levels.

You collected 43 gold pieces.

Inventory:

Hand Weapons
 a - a +0 falchion (weapon)
Missiles
 d - 7 boomerangs of dispersal (quivered)
Armour
 b - a +0 leather armour (worn)
Scrolls
 c - a scroll of blinking
 e - 4 scrolls of teleportation {unknown}
 g - 3 scrolls of identify {unknown}
Potions
 f - a potion of mutation {unknown}
 h - a potion of heal wounds {unknown}


   Skills:
 - Level 2.0 Fighting
 + Level 3.2 Long Blades
 - Level 0.7 Throwing
 - Level 1.0 Armour
 - Level 2.1 Dodging
 - Level 2.4 Spellcasting


You knew the following spells:

 Your Spells              Type           Power      Damage    Failure   Level
a - Blink                 Tloc           16%        N/A       17%         2
b - Lesser Beckoning      Tloc           16%        N/A       17%         2
c - Vhi's Electric Charg  Tloc/Air       16%        N/A       34%         3
d - Teleport Other        Tloc           8%         N/A       34%         3
e - Manifold Assault      Tloc           8%         N/A       75%         4
f - Summon Small Mammal   Summ           32%        N/A       12%         1
Your spell library was empty.

Dungeon Overview and Level Annotations

Branches:
Dungeon (2/15)

Altars:

Shops:
D:1 (


Innate Abilities, Weirdness & Mutations

You are immune to sickness and miasma.
You are immune to poison.
Your flesh is very heat resistant. (rF++)
You are vulnerable to cold. (rC-)
You float through the air rather than walking.
You learn spells naturally, not from books.
Your magical power is your life essence.
You have superior vitality. (+4 MHP)


Message History

The hobgoblin hits you.
You closely miss the hobgoblin.
The hobgoblin is almost dead.
The hobgoblin barely misses you.
You hit the hobgoblin.
You kill the hobgoblin!
You see here a hobgoblin corpse.
You start resting.
HP restored.
Done exploring.
Done exploring.
Done exploring.
(D) Dungeon
Where to? (Enter - D:2, ? - help)
There is a stone staircase leading down here.
You fly downwards.
The gnoll misses you. The gnoll hits you with a +0 flail.
There is a stone staircase leading up here.
The gnoll hits you from afar with a +0 halberd!
The gnoll closely misses you.
The gnoll hits you from afar with a +0 spear.
You fly upwards.
There is a stone staircase leading down here.
You are too injured to fight recklessly!
You are too injured to fight recklessly!
You are too injured to fight recklessly!
You are too injured to fight recklessly!
You are too injured to fight recklessly!
You are too injured to fight recklessly!
You are too injured to fight recklessly!
You are too injured to fight recklessly!
You barely miss the gnoll. The gnoll hits you with a +0 flail.
* * * LOW HITPOINT WARNING * * *
You hit the gnoll but do no damage. The gnoll hits you with a +0 flail!
* * * LOW HITPOINT WARNING * * *
You closely miss the gnoll. The gnoll hits you with a +0 flail.
* * * LOW HITPOINT WARNING * * *
You barely miss the gnoll. The gnoll barely misses you.
You barely miss the gnoll. The gnoll closely misses you.
The gnoll hits you with a +0 flail.
You die...

#.###.#### #####
#....)...# #...# ###
#......#.###.#.# #.#
#......#.#.....###.#
#......#...........#
######......###.#....##.#
....#######.#...#.#..##.#
....####....#.###g....#.#
................@##.#.#.#
....####.#######.####.#.#
....####.....##.......#.#
....##.......##..######.#
..∩.##.#.....##..######.#
....##.......##.........#
#########....###.########
#....# #.# #....# #.#
#######


You could see a gnoll.

Vanquished Creatures
  4 bats
  2 goblins (D:1)
  4 hobgoblins
  3 jackals (D:1)
  4 kobolds (D:1)
  2 quokkas (D:2)
  2 ball pythons
  2 frilled lizards (D:2)
  3 rats
26 creatures vanquished.

Notes
Turn   | Place    | Note
-------+----------+-------------------------------------------
     0 | D:1      | Dordric the Djinni Warper began the quest for the Orb.
     0 | D:1      | Dordric set off with the following spells memorised: Blink,
                  | Lesser Beckoning, Vhi's Electric Charge, Teleport Other,
                  | Manifold Assault.
     0 | D:1      | Reached XP level 1. HP: 18/18 MP: 0/0
    36 | D:1      | Reached skill level 2 in Long Blades
   126 | D:1      | Reached XP level 2. HP: 19/23 MP: 0/0
   551 | D:1      | Found Aror's Weapon Boutique.
   983 | D:2      | Reached XP level 3. HP: 26/28 MP: 0/0
   983 | D:2      | Learned a level 1 spell: Summon Small Mammal
  1026 | D:2      | Reached skill level 3 in Long Blades
  1218 | D:1      | HP: 1/28 [gnoll/+0 flail (1)]
  1220 | D:1      | Slain by a gnoll

Illustrated notes

Levels and vault maps discovered:
D:1:      dpeg_arrival_tiny_d, layout_basic, serial_shops, shop,
          minmay_hedge_maze, kennysheep_nondescript
D:2:      layout_loops_cross, minivault_24

Skill      XL: |  1  2  3 |
---------------+----------+-----
Long Blades    | 2 3 |  3.2
Fighting       | |  2.0
Throwing       | |  0.7
Armour         | |  1.0
Dodging        | |  2.1
Spellcasting   | |  2.4

Action                     || total
---------------------------++-------
  Melee: Falchion          ||   274
         Punch             ||     1
 Armour: Leather armour    ||    52
  Dodge: Dodged            ||   104
